 Dungeon Crawl Stone Soup version 0.28-a0-1594-ga885d4b3d6 (webtiles) character file.

Game seed: 11686699015740082110

48 oldriver the Vandal (level 4, -4/27 HPs)
             Began as a Kobold Hunter on Jan 20, 2022.
             Slain by a gnoll (8 damage)
             ... on level 2 of the Dungeon.
             The game lasted 00:02:05 (1642 turns).

oldriver the Vandal (Kobold Hunter)                 Turns: 1642, Time: 00:02:05

Health: -4/27      AC:  3    Str:  9    XL:     4   Next: 0%
Magic:  4/4        EV: 15    Int: 12    God:
Gold:   37         SH:  0    Dex: 17    Spells: 3/3 levels left

rFire   . . .      SeeInvis .   a - +1 hunting sling
rCold   . . .      Faith    .   (no shield)
rNeg    . . .      Spirit   .   c - +0 leather armour
rPois   .          Reflect  .   (no helmet)
rElec   .          Harm     .   (no cloak)
rCorr   .          Rampage  .   (no gloves)
Will    .....                   (no boots)
Stlth   +++.......              (no amulet)
HPRegen 0.09/turn               (no ring)
MPRegen 0.09/turn               (no ring)

@: no status effects
A: small, no large weapons, nightstalker 3
a: no special abilities


You were on level 2 of the Dungeon.
You visited 1 branch of the dungeon, and saw 2 of its levels.

You collected 37 gold pieces.

Inventory:

Hand Weapons
 a - a +1 hunting sling (weapon)
 h - a +0 dagger
Missiles
 b - 17 stones (quivered ammo)
 d - 12 sling bullets
Armour
 c - a +0 leather armour (worn)
Scrolls
 e - a scroll of enchant weapon {unknown}
 f - 5 scrolls of identify {unknown}
 g - 3 scrolls of brand weapon {unknown}
 i - a scroll of fog {unknown}
 j - a scroll of teleportation {unknown}


   Skills:
 + Level 2.9 Fighting
 + Level 4.3 Slings
 + Level 3.1 Dodging
 + Level 2.7 Stealth


You had 3 spell levels left.
You didn't know any spells.
Your spell library contained the following spells:

 Spells                   Type           Power      Damage    Failure   Level
 Animate Skeleton         Necr           0%         N/A       43%         1
 Pain                     Necr           0%         1d4       43%         1
 Vampiric Draining        Necr           0%         2d6       80%         3


Dungeon Overview and Level Annotations

Branches:
Dungeon (2/15)

Altars:


Innate Abilities, Weirdness & Mutations

You are small and have problems with some larger weapons.
You are completely attuned to the shadows.


Message History

A gnoll comes into view. It is wielding a +0 spear.
A gnoll is nearby!
A gnoll is nearby!
A gnoll is nearby!
A gnoll is nearby!
A gnoll is nearby!
You shoot a stone.
The stone hits the gnoll but does no damage.
The gnoll shouts!
You hear a shout!
A gnoll comes into view. It is wielding a +0 club.
You shoot a stone.
The stone hits the gnoll but does no damage.
You shoot a stone. The stone barely misses the gnoll.
The stone hits the gnoll but does no damage.
A gnoll comes into view. It is wielding a +0 spear.
You shoot a stone. The stone hits the gnoll.
The gnoll is moderately wounded.
You shoot a stone. The stone hits the gnoll.
The gnoll is heavily wounded.
The gnoll hits you from afar with a +0 spear.
You shoot a stone. The stone hits the gnoll.
The gnoll is severely wounded.
The gnoll barely misses you.
You shoot a stone. The stone hits the gnoll.
The gnoll is severely wounded.
The gnoll hits you from afar with a +0 spear.
You shoot a stone. The stone barely misses the gnoll.
The gnoll hits you from afar with a +0 spear.
The gnoll misses you.
You shoot a stone. The stone hits the gnoll.
The gnoll is almost dead.
The gnoll hits you from afar with a +0 spear!
* * * LOW HITPOINT WARNING * * *
The gnoll closely misses you. The gnoll misses you.
You see here a stone.
The gnoll hits you with a +0 club.
* * * LOW HITPOINT WARNING * * *
The gnoll hits you from afar with a +0 spear!
You die...

##################
####..g..(..........#
........(##########.##
##...###.# #...#
#....g##.# ........#
##.....gg(# ###.(.#.#
.......##@# ##(##.#
##...###.# #(# ###.#
#.# #.# #.# ####†# #.#
.....###.# #####....#
#.##.##### #.##.#...#


You could see 3 gnolls.

Vanquished Creatures
  A dart slug (D:2)
  3 endoplasms (D:1)
  A giant cockroach (D:1)
  6 goblins
  5 hobgoblins (D:1)
  10 jackals (D:1)
  A kobold (D:1)
  3 quokkas
  3 ball pythons
  2 bats (D:1)
  2 rats (D:1)
37 creatures vanquished.

Vanquished Creatures (others)
  5 fungi (D:1)
  4 plants (D:1)
9 creatures vanquished.

Grand Total: 46 creatures vanquished

Notes
Turn   | Place    | Note
-------+----------+-------------------------------------------
     0 | D:1      | oldriver the Kobold Hunter began the quest for the Orb.
     0 | D:1      | Reached XP level 1. HP: 12/12 MP: 1/1
    52 | D:1      | Reached XP level 2. HP: 16/18 MP: 2/2
   314 | D:1      | Reached XP level 3. HP: 22/22 MP: 3/3
   827 | D:1      | Found a faded altar of an unknown god.
  1582 | D:2      | Reached XP level 4. HP: 27/27 MP: 4/4
  1642 | D:2      | Slain by a gnoll

Illustrated notes

Levels and vault maps discovered:
D:1:      lightli_arrival_statue_moat, layout_rooms,
          shapermc_ecumenical_altar_mp_urbaneastern, serial_aquarium,
          aquarium_bridge_straight [aquarium_subvault_bridge,
          aquarium_subvault_window, aquarium_subvault_bridge,
          aquarium_subvault_balcony], aquarium_bridge_long_joined
          [aquarium_subvault_bridge, aquarium_subvault_balcony,
          aquarium_subvault_window, aquarium_subvault_wall,
          aquarium_subvault_wall, aquarium_subvault_wall],
          aquarium_window_corner, aquarium_window_fake, aquarium_window_2,
          aquarium_window_1, aquarium_view_2c, aquarium_balcony_1b
D:2:      layout_loops_ring

Skill      XL: |  1  2  3 |
---------------+----------+-----
Stealth        | 2 |  2.7
Dodging        | 3 |  3.1
Fighting       | |  2.9
Slings         | |  4.3

Action                   |  1- 3 |  4- 6 || total
-------------------------+-------+-------++-------
Melee: Short sword       |    26 |       ||    26
       Dagger            |     5 |       ||     5
 Fire: Hunting sling     |    85 |     9 ||    94
 Stab: Sleeping          |     1 |       ||     1
Armor: Leather armour    |    16 |       ||    16
Dodge: Dodged            |    66 |     4 ||    70

Table legend: (Time is in decaauts)
 A = Elapsed time spent in this place.
 B = Non-inter-level travel time spent in this place.
 C = Inter-level travel time spent in this place.
 D = Time resting spent in this place.
 E = Time spent auto-exploring this place.
 F = Levels seen in this place.
 G = Mean time per level.
                   A        B        C        D        E       F      G
               +--------+--------+--------+--------+--------+-----+--------+
         Total |   1642 |   1605 |     37 |    504 |    790 |   2 |  821.0 |
       Dungeon |   1642 |   1605 |     37 |    504 |    790 |   2 |  821.0 |
               +--------+--------+--------+--------+--------+-----+--------+

Top non-repeatable levels by time:
     D:1: 1444 daAuts
     D:2: 197 daAuts
